 Dungeon Crawl Stone Soup version 0.29.1-1-gd02db6906a (webtiles) character file.

Game seed: 7702239079115114257

296 warriortoast the Conjurer (level 6, -6/29 (32) HPs)
             Began as a Deep Elf Conjurer on Sept 24, 2022.
             Mangled by an orc warrior
             ... wielding a +0 long sword
              (8 damage)
             ... on level 4 of the Dungeon.
             The game lasted 00:10:20 (3373 turns).

warriortoast the Conjurer (Deep Elf Conjurer)       Turns: 3373, Time: 00:10:20

HP:   -6/29 (32)    AC:  5    Str:  4    XL:     6   Next: 12%
MP:   17/17         EV: 12    Int: 25    God:
Gold: 98            SH:  0    Dex: 13    Spells: 10/18 levels left

rFire   . . .      SeeInvis .   E - +0 rapier
rCold   . . .      Faith    .   (no shield)
rNeg    . . .      Spirit   .   a - +0 robe
rPois   .          Reflect  .   x - +2 hat
rElec   .          Harm     .   C - +0 cloak
rCorr   .          Rampage  .   (no gloves)
Will    .....                   (no boots)
Stlth   ++........              w - amulet of magic regeneration
HPRegen 0.09/turn               (no ring)
MPRegen 0.55/turn               (no ring)

@: drained
A: no striking features
a: no special abilities


You were on level 4 of the Dungeon.
You visited 1 branch of the dungeon, and saw 5 of its levels.

You collected 176 gold pieces.
You spent 78 gold pieces at shops.

Inventory:

Hand Weapons
 E - a +0 rapier (weapon)
Armour
 a - a +0 robe (worn)
 r - a +0 helmet
 s - +0 fire dragon scales
 x - a +2 hat (worn)
 y - an orb of light
 A - a +0 buckler
 C - a +0 cloak (worn)
Magical Staves
 g - a staff of poison
 h - a staff of earth
Jewellery
 w - an amulet of magic regeneration (around neck)
 G - a ring of protection from cold
Scrolls
 d - a scroll of vulnerability {unknown}
 e - 3 scrolls of immolation {unknown}
 f - 2 scrolls of fog {unknown}
 k - a scroll of magic mapping {unknown}
 l - a scroll of summoning {unknown}
 m - 3 scrolls of identify {unknown}
 n - 3 scrolls of enchant armour {unknown}
 o - 3 scrolls of teleportation {unknown}
 p - 2 scrolls of amnesia {unknown}
 t - a scroll of blinking {unknown}
 v - a scroll of silence {unknown}
 D - a scroll of torment {unknown}
 F - a scroll of poison {unknown}
Potions
 b - 2 potions of magic
 c - 4 potions of heal wounds {unknown}
 i - 2 potions of haste {unknown}
 j - 2 potions of resistance {unknown}
 q - a potion of flight {unknown}
 u - a potion of attraction {unknown}
 z - 5 potions of might {unknown}
 B - 2 potions of lignification {unknown}
 H - a potion of curing {unknown}


   Skills:
 - Level 2.4 Dodging
 - Level 2.4 Stealth
 + Level 6.5 Spellcasting
 + Level 6.5 Conjurations
 + Level 0.0 Hexes


You had 10 spell levels left.
You knew the following spells:

 Your Spells              Type           Power      Damage    Failure   Level
a - Magic Dart            Conj           100%       1d8       1%          1
b - Dazzling Flash        Conj/Hex       48%        N/A       5%          3
c - Fulminant Prism       Conj/Hex       12%        3d9       19%         4

Your spell library contained the following spells:

 Spells                   Type           Power      Damage    Failure   Level
 Searing Ray              Conj           80%        2d7       1%          2
 Beastly Appendage        Tmut           16%        N/A       7%          1
 Wereblood                Tmut           8%         N/A       11%         2
 Iskenderun's Mystic Bla  Conj/Tloc      24%        2d7       19%         4
 Spider Form              Tmut/Pois      8%         N/A       22%         3


Dungeon Overview and Level Annotations

Branches:
Dungeon (5/15)
 Temple: D:4-7

Altars:

Shops:
D:2 *

Annotations:
D:4 Robin, Sigmund


Message History

The magic dart hits the orc.
The orc is moderately wounded.
The magic dart hits the orc!
You kill the orc!
The magic dart hits the orc but does no damage.
The magic dart hits the orc but does no damage.
The magic dart hits the orc.
The orc is moderately wounded.
The magic dart hits the orc but does no damage.
The orc is moderately wounded.
The orc hits you but does no damage.
The orc warrior hits you with a +0 long sword!!
Ouch! That really hurt!
A mysterious force pulls you upwards. The hatch slams shut behind you.
Level annotation: Sigmund Robin shouts!
The hobgoblin shouts!
The goblin shouts!
You hear a shout!
A goblin comes into view.
It is wielding a +0 dagger. 3 goblins come into view.
A goblin is wielding a +2 dagger of draining.
The goblin shouts!
Robin throws the goblin at you! The goblin hits you but does no damage.
You feel drained. The orc warrior completely misses you.
The goblin moves out of view.
You hit the goblin.
The goblin is moderately wounded.
Robin throws the goblin at you! The goblin barely misses you.
The goblin closely misses you.
The orc warrior hits you with a +0 long sword.
* * * LOW HITPOINT WARNING * * *
The goblin hits you but does no damage.
You feel drained. The goblin barely misses you.
A goblin comes into view. It is wielding a +0 dagger.
Unknown command.
The goblin misses you.
The goblin hits you with a +2 dagger of draining.
* * * LOW HITPOINT WARNING * * *
You feel drained.
* * * LOW HITPOINT WARNING * * *
The orc warrior hits you with a +0 long sword!
You die...

.# .#
##.##.#
......#
......#
.....#
.....#
###g....#
#o@g....#
#o#####.#
#...g#
#.##.# gg
..#


#gg #.# #. #.. # #.# #.# You could see an orc warrior, Robin, an orc, a
hobgoblin and 5 goblins.

Vanquished Creatures
  A scorpion (D:5)
  A hound (D:3)
  8 adders
  3 gnolls (D:4)
  A shadow imp (D:5)
  An ufetubus (D:5)
  2 worms (D:3)
  2 dart slugs
  5 orcs
  10 ball pythons
  9 endoplasms
  5 giant cockroaches
  3 hobgoblins
  2 jackals (D:3)
  6 quokkas
  3 bats
  3 frilled lizards
  7 goblins
  5 kobolds
  3 rats
80 creatures vanquished.

Notes
Turn   | Place    | Note
-------+----------+-------------------------------------------
     0 | D:1      | warriortoast the Deep Elf Conjurer began the quest for the
                  | Orb.
     0 | D:1      | Reached XP level 1. HP: 10/10 MP: 6/6
   235 | D:1      | Reached XP level 2. HP: 15/15 MP: 3/8
   669 | D:1      | Found a faded altar of an unknown god.
   913 | D:2      | Reached XP level 3. HP: 19/19 MP: 8/10
   942 | D:2      | Reached skill level 5 in Conjurations
  1197 | D:2      | Found Quriom's Assorted Antiques.
  1209 | D:2      | Bought a scroll labelled NETHINURAE for 26 gold pieces
  1209 | D:2      | Bought a scroll labelled FEJ QA ZESETT for 26 gold pieces
  1209 | D:2      | Bought a scroll labelled BIUTEXYZYI for 26 gold pieces
  1387 | D:2      | Reached XP level 4. HP: 24/24 MP: 9/12
  1942 | D:3      | Reached skill level 5 in Spellcasting
  2228 | D:3      | Reached XP level 5. HP: 28/28 MP: 9/14
  2653 | D:4      | Noticed Sigmund
  2660 | D:4      | Learned a level 3 spell: Dazzling Flash
  2665 | D:4      | Learned a level 4 spell: Fulminant Prism
  2926 | D:4      | Noticed a phantom
  2929 | D:5      | Entered Level 5 of the Dungeon
  2962 | D:5      | Noticed an ice beast
  3166 | D:5      | Reached XP level 6. HP: 32/32 MP: 13/17
  3344 | D:5      | Noticed an orc warrior
  3368 | D:4      | Noticed Robin
  3373 | D:4      | Mangled by an orc warrior

Illustrated notes

Levels and vault maps discovered:
D:1:      amcnicky_arrival_double_pillar, layout_rooms,
          hellmonk_ecumenical_altar_lost_god
D:2:      layout_basic, serial_shops, shop_statue, minmay_snake_closets
D:3:      layout_loops_ring
D:4:      layout_loops_cross, grunt_dithmenos_smoke, uniq_robin, uniq_sigmund
D:5:      layout_loops_corners

Skill      XL: |  1  2  3  4  5 |
---------------+----------------+-----
Spellcasting   | 4 5 6 |  6.5
Conjurations   | 5 6 |  6.5
Dodging        | |  2.4
Stealth        | |  2.4

Action                   |  1- 3 |  4- 6 || total
-------------------------+-------+-------++-------
Melee: Rapier            |       |     1 ||     1
 Cast: Magic Dart        |    73 |   127 ||   200
Armor: Robe              |     2 |    10 ||    12
Dodge: Dodged            |     4 |    12 ||    16
